Construct Section Command Post
Construct Field Infirmary
Selects Indian Artillery Battlegroup
Construct Platoon Command Post
Selects Gurkha Rifles Section
6-pounder Anti-tank Gun Team
6-pounder Anti-tank Gun Team
Unlock M3 Stuart Light Tanks
Selects Volunteer Infantry
6-pounder Anti-tank Gun Team
Construct Company Command Post
Selects Artillery Saturation
Selects Off-map Airburst Barrage
Selects BL5.5 Artillery Emplacement